 Dungeon Sprint DCSS version 0.26-a0-1222-g14533b3512 (webtiles) character file.

Game seed: 13450376925019494633

1207 reriks the Fighter (level 8, -5/58 HPs)
             Began as a Gargoyle Berserker on Dec 31, 2020.
             Was a High Priest of Trog.
             Slain by Snorg (12 damage)
             ... in the Dungeon (Sprint III: "The Ten Rune Challenge").
             The game lasted 00:03:09 (1510 turns).

reriks the Fighter (Gargoyle Berserker)             Turns: 1510, Time: 00:03:10

Health: -5/58      AC: 12    Str: 23    XL:     8   Next: 45%
Magic:  8/8        EV: 15    Int:  8    God:    Trog [*****.]
Gold:   25         SH:  0    Dex: 11    Spells: 7/7 levels left

rFire    . . .     SeeInvis .   a - +0 mace
rCold    . . .     Faith    .   (no shield)
rNeg     + . .     Spirit   .   o - +0 ring mail
rPois    ∞         Reflect  .   (helmet restricted)
rElec    +         Harm     .   (no cloak)
rCorr    .         Rampage  .   (no gloves)
Will     +....     NoTele   +   (no boots)
Stlth    ++........             (no amulet)
HPRegen  0.19/turn              (no ring)
MPRegen  0.11/turn              (no ring)

@: berserk cooldown, slowed, very slow
A: horns 1, thin skeletal structure 1, strong-willed 1, negative energy
resistance 1, electricity resistance, unbreathing, petrification resistance,
miasma immunity, AC +5
a: Renounce Religion, Berserk, Trog's Hand, Brothers in Arms


You were in the Dungeon.
You worshipped Trog.
Trog was extremely pleased with you.
You visited 1 branch You collected 25 gold pieces.

Inventory:

Hand Weapons
 a - a +0 mace (weapon)
 p - a +6 broad axe of flaming
Armour
 b - a +0 animal skin
 o - a +0 ring mail (worn)
Wands
 k - a wand of enslavement (10)
Scrolls
 h - a scroll of blinking
 l - 2 scrolls of remove curse
Potions
 c - a potion of curing
 d - a potion of heal wounds
 e - a potion of haste
 f - 2 potions of magic
 g - a potion of berserk rage
 i - a potion of attraction
 j - a potion of might
 m - a potion of lignification {unknown}
 n - a potion of degeneration {unknown}
 q - a potion of flight {unknown}
 r - 2 potions of mutation


   Skills:
 + Level 10.4 Fighting
 * Level 9.7 Maces & Flails
 + Level 10.1 Armour
 + Level 7.8 Dodging


You had 7 spell levels left.
You didn't know any spells.
Your spell library was empty.

Dungeon Overview and Level Annotations

Branches:
Dungeon (1/1)

Altars:
Cheibriados
Dithmenos
Elyvilon
Fedhas
Gozag
Hepliaklqana
Kikubaaqudgha
Makhleb
Nemelex Xobeh
Okawaru
Qazlal
Ru
Sif Muna
Trog
Uskayaw
Vehumet
Wu Jian
Xom
Yredelemnul
Zin
The Shining One
Beogh
Jiyva
Lugonu

Annotations:
D Snorg


Innate Abilities, Weirdness & Mutations

You are resistant to torment.
Your stone body is resilient. (AC +5)
You are immune to poison.
You resist negative energy. (rN+)
You are resistant to electric shocks. (rElec)
You can survive without breathing.
You are immune to petrification.
You are immune to miasma.
You have a pair of small horns on your head.
You have a somewhat thin skeletal structure. (Dex +2, Stealth)
You are strong-willed. (Will+)


Message History

Snorg is heavily wounded.
Snorg bites you!
* * * LOW HITPOINT WARNING * * *
Snorg barely misses you. Snorg closely misses you.
Your ring mail prevents you from hitting Snorg.
Snorg is heavily wounded.
Snorg misses you. Snorg claws you but does no damage. Snorg misses you.
You bludgeon Snorg!!
Snorg is heavily wounded.
You hit Snorg.
Snorg is severely wounded.
Snorg bites you.
* * * LOW HITPOINT WARNING * * *
Snorg misses you. Snorg completely misses you.
You bludgeon Snorg!! Your headbutt misses Snorg.
Snorg is severely wounded.
You are no longer berserk.
You are exhausted.
You feel yourself slow down. Snorg misses you. Snorg claws you!
You die...

.#.).#__.#._#
.###'#'###'##
.#..........#
.'.⌠........#
.#...######'#
.#.⌠.#__#...#+#####
.#...#__#...#.§§≈≈+
.#'###__#...#§#≈§§#
.#)):#__#...'.#T@§#
.#___#__'...#.#§§§#
▓▓▓▓▓▓▓▓▓▓▓▓▓▓▓▓▓▓▓


You could see Snorg (berserk).

Vanquished Creatures
  A deep elf mage (D)
  A shadow (D)
  A spatial vortex (D)
  A necrophage (D)
  A water elemental (D)
  A jelly (D)
  A wizard (D)
  A necromancer (D)
  3 humans (D)
  A kobold demonologist (D)
  2 oozes (D)
  A phantom (D)
  2 rats (D)
17 creatures vanquished.

Notes
Turn   | Place    | Note
-------+----------+-------------------------------------------
     0 | D        | reriks the Gargoyle Berserker began the quest for the Orb.
     0 | D        | Reached XP level 1. HP: 14/14 MP: 1/1
    10 | D        | Reached XP level 2. HP: 12/20 MP: 2/2
   141 | D        | Reached ** piety under Trog
   417 | D        | Gained mutation: Armour fits poorly on your strangely
                  | shaped body. [potion of mutation]
   417 | D        | Gained mutation: You are strong-willed. (Will+) [potion of
                  | mutation]
   417 | D        | Gained mutation: You tend to lose your temper in combat.
                  | [potion of mutation]
   417 | D        | Gained mutation: You have a pair of small horns on your
                  | head. [potion of mutation]
   418 | D        | Lost mutation: You tend to lose your temper in combat.
                  | [potion of mutation]
   418 | D        | Lost mutation: Armour fits poorly on your strangely shaped
                  | body. [potion of mutation]
   418 | D        | Gained mutation: You have a somewhat thin skeletal
                  | structure. (Dex +2, Stealth) [potion of mutation]
   460 | D        | Reached XP level 3. HP: 24/24 MP: 3/3
   561 | D        | Noticed a water elemental
   565 | D        | Killed a water elemental
   565 | D        | Reached *** piety under Trog
   566 | D        | Reached skill level 5 in Fighting
   566 | D        | Reached skill level 5 in Maces & Flails
   566 | D        | Reached skill level 5 in Armour
   566 | D        | Reached XP level 4. HP: 32/32 MP: 4/4
   679 | D        | Found a glowing silver altar of Zin.
   679 | D        | Found a glowing golden altar of the Shining One.
   679 | D        | Found a white marble altar of Elyvilon.
   680 | D        | Noticed a deep elf mage
   690 | D        | Killed a deep elf mage
   691 | D        | Reached XP level 5. HP: 40/40 MP: 5/5
   691 | D        | Reached XP level 6. HP: 45/45 MP: 6/6
   691 | D        | Reached XP level 7. HP: 50/50 MP: 7/7
   740 | D        | Found a hide-covered altar of Uskayaw.
   740 | D        | Found a roughly hewn altar of Beogh.
   740 | D        | Found an iron altar of Okawaru.
   740 | D        | Found a bloodstained altar of Trog.
   740 | D        | Found an ornate altar of the Wu Jian Council.
   740 | D        | Noticed a human
   741 | D        | Noticed a human
   746 | D        | Killed a human
   754 | D        | Killed a human
   754 | D        | Reached **** piety under Trog
   886 | D        | Found a shadowy altar of Dithmenos.
   894 | D        | Reached XP level 8. HP: 57/57 MP: 8/8
   894 | D        | Found a basalt altar of Yredelemnul.
   894 | D        | Found a sacrificial altar of Ru.
  1053 | D        | Noticed a shadow
  1059 | D        | Reached ***** piety under Trog
  1060 | D        | Reached skill level 10 in Fighting
  1066 | D        | Killed a shadow
  1164 | D        | Found a radiant altar of Vehumet.
  1164 | D        | Found a shimmering blue altar of Sif Muna.
  1164 | D        | Found an ancient bone altar of Kikubaaqudgha.
  1170 | D        | Received a gift from Trog
  1171 | D        | Reached skill level 10 in Armour
  1261 | D        | Found a blossoming altar of Fedhas.
  1261 | D        | Found a stormy altar of Qazlal.
  1261 | D        | Found a snail-covered altar of Cheibriados.
  1261 | D        | Found a burning altar of Makhleb.
  1261 | D        | Found a shimmering altar of Xom.
  1262 | D        | Found a hazy altar of Hepliaklqana.
  1262 | D        | Found an opulent altar of Gozag.
  1262 | D        | Found a sparkling altar of Nemelex Xobeh.
  1262 | D        | Found a corrupted altar of Lugonu.
  1262 | D        | Found a viscous altar of Jiyva.
  1493 | D        | Noticed Snorg
  1510 | D        | Slain by Snorg

Illustrated notes

Levels and vault maps discovered:
D:        dungeon_sprint_mu [sprint_mu_entry_forest, sprint_mu_temple_rooms,
          sprint_mu_d1_horrors, sprint_mu_d2_genie, sprint_mu_d3_branching,
          sprint_mu_orc_legion, sprint_mu_elf_gauntlet, sprint_mu_hive_nellie,
          sprint_mu_lair_fedhas, sprint_mu_vaults_butterflies,
          sprint_mu_slime_circle, sprint_mu_swamp_cave, sprint_mu_snake_twists,
          sprint_mu_blade_basic, sprint_mu_crypt_lich, sprint_mu_tomb_spiral,
          sprint_mu_vestibule_basic, sprint_mu_gehenna_hellfire,
          sprint_mu_dis_giant, sprint_mu_tartarus_statrot,
          sprint_mu_cocytus_islands, sprint_mu_zot1]

Skill      XL: |  1  2  3  4  5  6  7  8 |
---------------+-------------------------+-----
Dodging        | 2 3 6 7 |  7.8
Fighting       | 4 5 8 9 10 | 10.4
Armour         | 3 4 5 8 9 10 | 10.1
Maces & Flails | 4 5 8 9 |  9.7

Action                   |  1- 3 |  4- 6 |  7- 9 || total
-------------------------+-------+-------+-------++-------
Melee: Mace              |    29 |     9 |    55 ||    93
       Headbutt          |     2 |     1 |    10 ||    13
Invok: Berserk           |     2 |     1 |     6 ||     9
  Use: Scroll            |     5 |       |       ||     5
       Potion            |     2 |       |       ||     2
 Stab: Sleeping          |     1 |       |       ||     1
Armor: Animal skin       |     7 |     1 |     3 ||    11
       Ring mail         |       |       |    10 ||    10
Dodge: Dodged            |    14 |     2 |    38 ||    54

Table legend: (Time is in decaauts)
 A = Elapsed time spent in this place.
 B = Non-inter-level travel time spent in this place.
 C = Inter-level travel time spent in this place.
 D = Time resting spent in this place.
 E = Time spent auto-exploring this place.
 F = Levels seen in this place.
 G = Mean time per level.
                   A        B        C        D        E       F      G
               +--------+--------+--------+--------+--------+-----+--------+
         Total |   1575 |   1570 |      5 |   1192 |      0 |   1 | 1575.0 |
       Dungeon |   1575 |   1570 |      5 |   1192 |      0 |   1 | 1575.0 |
               +--------+--------+--------+--------+--------+-----+--------+

Top non-repeatable levels by time:
       D: 1575 daAuts
